 Dungeon Crawl Stone Soup version 0.26.1-11-gd32895ea62 (webtiles) character file.

Game seed: 8204460507108266728

20990 ubername the Carver (level 12, -2/148 HPs)
             Began as a Barachi Berserker on June 2, 2021.
             Was a High Priest of Trog.
             Killed from afar by Jorgrun (33 damage)
             ... with an iron shot
             ... on level 13 of the Dungeon.
             The game lasted 00:29:48 (14128 turns).

ubername the Carver (Barachi Berserker)            Turns: 14128, Time: 00:29:48

Health: -2/148     AC: 17    Str: 24    XL:     12   Next: 85%
Magic:  12/12      EV: 11    Int:  7    God:    Trog [*****.]
Gold:   607        SH: 13    Dex: 23    Spells: 11/11 levels left

rFire    . . .     SeeInvis .   C - +10 demon blade "Rouhor" {flame, Dex+7}
rCold    . . .     Faith    .   q - +0 kite shield
rNeg     + . .     Spirit   .   H - +5 scale mail of Grace {*Corrode rN+ Str+4}
rPois    +         Reflect  .   b - +1 helmet
rElec    .         Harm     .   (no cloak)
rCorr    .         Rampage  .   (no gloves)
Will     +....                  P - +0 pair of boots
Stlth    ..........             a - amulet of regeneration
HPRegen  0.74/turn              g - ring of poison resistance
MPRegen  0.13/turn              k - ring of willpower

@: berserking, grasped by roots, constricted, very quick
A: +LOS, swims, slowness 1, strong legs 1
a: Hop, Renounce Religion, Berserk, Trog's Hand, Brothers in Arms


You were on level 13 of the Dungeon.
You worshipped Trog.
Trog was extremely pleased with you.
You visited 1 branch of the dungeon, and saw 13 of its levels.

You collected 860 gold pieces.
You spent 253 gold pieces at shops.

Inventory:

Hand Weapons
 i - a +2 long sword of freezing
 v - a +6 scimitar
 C - the +10 demon blade "Rouhor" (weapon) {flame, Dex+7}
   (Trog gifted it to you on level 10 of the Dungeon)

   It has been specially enchanted to burn those struck by it, causing extra
   injury to most foes and up to half again as much damage against particularly
   susceptible opponents.
   Big, fiery blades are also staple armaments of hydra-hunters.
   It affects your dexterity (+7).
 O - a +3 vorpal double sword
Armour
 b - a +1 helmet (worn)
 o - +2 shadow dragon scales
 q - a +0 kite shield (worn)
 H - the +5 scale mail of Grace (worn) {*Corrode rN+ Str+4}
   (You found it on level 10 of the Dungeon)

   It affects your strength (+4).
   It protects you from negative energy.
   It may corrode you when you take damage.
 P - a +0 pair of boots (worn)
Jewellery
 a - an amulet of regeneration (around neck)
 g - a ring of poison resistance (left hand)
 k - a ring of willpower (right hand)
 p - an uncursed ring of fire
 B - an uncursed ring of magical power
Wands
 d - a wand of paralysis (15)
 f - a wand of iceblast (16)
 m - a wand of digging (5)
 u - a wand of acid (9)
 y - a wand of flame (9)
 F - a wand of polymorph (25)
Scrolls
 c - 3 scrolls of teleportation
 j - 2 scrolls of immolation
 l - 10 scrolls of identify
 t - 4 scrolls of remove curse
 w - a scroll of enchant weapon
 x - a scroll of torment {unknown}
 z - a scroll of acquirement {unknown}
 A - a scroll of summoning
 D - 2 scrolls of amnesia {unknown}
 I - a scroll of blinking
 J - 2 scrolls of fog {unknown}
 M - a scroll of enchant armour
 N - a scroll of fear {unknown}
Potions
 e - 11 potions of curing
 h - a potion of magic
 n - 3 potions of might
 r - 5 potions of haste
 s - 3 potions of resistance
 E - a potion of flight {unknown}
 G - a potion of invisibility {unknown}
 L - a potion of attraction {unknown}
Miscellaneous
 K - a tin of tremorstones (2/2)


   Skills:
 + Level 10.6 Fighting
 + Level 14.9 Long Blades
 + Level 9.9 Armour
 + Level 5.6 Dodging
 + Level 5.4 Stealth
 + Level 10.5 Shields


You had 11 spell levels left.
You didn't know any spells.
Your spell library was empty.

Dungeon Overview and Level Annotations

Branches:
Dungeon (13/15)            Temple (0/1) D:4            Lair (0/6) D:11
    Orc (0/2) D:12
 Vaults: D:13-14

Altars:
Cheibriados
Kikubaaqudgha
Nemelex Xobeh
Okawaru
Qazlal
Ru
Sif Muna
Wu Jian
Xom

Shops:
D:5 *   D:11 (   D:12 *

Annotations:
D:13 Jorgrun


Innate Abilities, Weirdness & Mutations

You can be seen from farther away. (+LOS)
You can swim through water.
You cover ground slowly.
You can hop short distances.


Message History

A red film seems to cover your vision as you go berserk!
You feel yourself moving faster!
You feel mighty! You block Jorgrun's attack.
* * * LOW HITPOINT WARNING * * *
The grasping roots constrict you!
You closely miss Jorgrun.
Jorgrun is lightly wounded.
You slice Jorgrun like a ripe choko!!! You burn Jorgrun.
Jorgrun is heavily wounded.
Jorgrun hits you but does no damage.
* * * LOW HITPOINT WARNING * * *
The grasping roots constrict you!
You slash Jorgrun! You burn Jorgrun.
Jorgrun is heavily wounded.
You slash Jorgrun! You burn Jorgrun.
Jorgrun is severely wounded.
You slice Jorgrun!! You burn Jorgrun.
Jorgrun is almost dead.
Jorgrun casts a spell at you. The iron shot hits you!!
You die...

#### #...
#...#########
#...........#
#####'#..@g..#
#.....#......#
########...#.####+###
#..........#...
...........#.....
.###......#.......
#.(....#......##
..###......#......#
(....<..............


You could see Jorgrun.

Vanquished Creatures
  Gastronok (D:8)
  3 two-headed ogres
  An unseen horror (D:11)
  A deep elf mage (D:12)
  4 ugly things
  An oklob plant (D:11)
  3 centaur skeletons
  A gargoyle (D:10)
  A komodo dragon (D:12)
  3 trolls
  Grinder (D:6)
  A hornet (D:12)
  15 yaks
  A shadow (D:12)
  A wyvern (D:10)
  2 wraiths (D:10)
  2 steam dragons (D:10)
  Menkaure (D:7)
  Edmund (D:5)
  2 black bears (D:6)
  10 orc warriors
  An eye of draining (D:12)
  10 sky beasts
  A swamp drake (D:12)
  A phantom (D:4)
  4 ice beasts
  8 ogres
  2 necrophages (D:9)
  11 centaurs
  Blork the orc (D:6)
  3 big kobolds
  9 bullfrogs
  6 gnoll sergeants (D:10)
  3 scorpions
  A water moccasin skeleton (D:9)
  16 wights
  4 howler monkeys
  2 bullfrog zombies
  2 centaur zombies
  A quasit (D:11)
  12 orc priests
  9 hounds
  8 jellies
  3 gnoll shamans (D:10)
  17 orc wizards
  A bullfrog skeleton (D:8)
  7 iguanas
  11 worker ants
  A hound zombie (D:6)
  2 hound skeletons
  A mummy (D:7)
  2 worker ant zombies (D:11)
  14 adders
  18 gnolls
  A shadow imp (D:7)
  A white imp (D:8)
  2 ufetubi
  3 oozes
  2 adder skeletons
  5 worms
  2 dart slugs
  6 leopard geckos
  75 orcs
  3 ball pythons
  7 giant cockroaches
  7 goblins
  13 hobgoblins
  24 jackals
  3 quokkas
  10 bats
  4 frilled lizards
  16 kobolds
  A quokka skeleton (D:4)
  A quokka zombie (D:7)
  11 rats
445 creatures vanquished.

Vanquished Creatures (collateral kills)
  A hound skeleton (D:7)
1 creature vanquished.

Grand Total: 446 creatures vanquished

Notes
Turn   | Place    | Note
-------+----------+-------------------------------------------
     0 | D:1      | ubername the Barachi Berserker began the quest for the Orb.
     0 | D:1      | Reached XP level 1. HP: 18/18 MP: 1/1
   223 | D:1      | Reached skill level 4 in Long Blades
   223 | D:1      | Reached XP level 2. HP: 14/25 MP: 2/2
   966 | D:1      | Reached XP level 3. HP: 21/30 MP: 3/3
   967 | D:1      | Reached ** piety under Trog
  1546 | D:2      | Reached skill level 5 in Long Blades
  1607 | D:2      | Reached XP level 4. HP: 31/37 MP: 4/4
  1940 | D:2      | Found an ancient bone altar of Kikubaaqudgha.
  2343 | D:2      | Reached *** piety under Trog
  2396 | D:2      | Found an ornate altar of the Wu Jian Council.
  2690 | D:3      | Reached XP level 5. HP: 37/42 MP: 5/5
  2692 | D:3      | Reached skill level 1 in Shields
  2849 | D:3      | Found a glowing drain.
  2908 | D:3      | Reached skill level 1 in Stealth
  3278 | D:4      | Found a staircase to the Ecumenical Temple.
  3500 | D:4      | Noticed an ogre
  3514 | D:4      | Killed an ogre
  3515 | D:4      | Reached skill level 6 in Long Blades
  3515 | D:4      | Reached XP level 6. HP: 23/49 MP: 6/6
  3837 | D:4      | Noticed a phantom
  3901 | D:4      | Killed a phantom
  3992 | D:4      | Reached XP level 7. HP: 55/55 MP: 7/7
  3996 | D:4      | Reached skill level 7 in Long Blades
  4423 | D:5      | Entered Level 5 of the Dungeon
  4423 | D:5      | Found Cuxim's General Store.
  4429 | D:5      | Noticed Edmund
  4447 | D:5      | Killed Edmund
  4448 | D:5      | Reached skill level 5 in Fighting
  4455 | D:5      | Reached **** piety under Trog
  4645 | D:5      | Reached XP level 8. HP: 49/62 MP: 8/8
  4950 | D:5      | Found an iron altar of Okawaru.
  5334 | D:6      | Reached skill level 8 in Long Blades
  5334 | D:6      | Reached skill level 5 in Armour
  5417 | D:6      | Noticed Blork the orc
  5434 | D:6      | Killed Blork the orc
  5519 | D:6      | Noticed a yak
  5524 | D:6      | Noticed a yak
  5578 | D:6      | Noticed a yak
  5578 | D:6      | Noticed a yak
  5578 | D:6      | Noticed a yak
  5586 | D:6      | Killed a yak
  5588 | D:6      | Killed a yak
  5589 | D:6      | Reached skill level 9 in Long Blades
  5589 | D:6      | Reached skill level 5 in Shields
  5591 | D:6      | Killed a yak
  5592 | D:6      | Reached XP level 9. HP: 68/69 MP: 9/9
  5945 | D:6      | Reached skill level 10 in Long Blades
  6041 | D:6      | Noticed Grinder
  6055 | D:6      | Killed Grinder
  7463 | D:7      | Noticed Menkaure
  7482 | D:7      | Killed Menkaure
  7483 | D:7      | Reached XP level 10. HP: 32/77 MP: 10/10
  7610 | D:7      | Reached skill level 11 in Long Blades
  8017 | D:7      | Found a sparkling altar of Nemelex Xobeh.
  8240 | D:7      | Reached ***** piety under Trog
  8483 | D:7      | Found a snail-covered altar of Cheibriados.
  8620 | D:8      | Noticed Gastronok
  9118 | D:8      | Noticed a six-headed hydra
  9277 | D:8      | Killed Gastronok
  9278 | D:8      | Reached skill level 12 in Long Blades
  9278 | D:8      | Reached XP level 11. HP: 86/86 MP: 11/11
  9347 | D:8      | Noticed a manticore
 10083 | D:9      | Found a shimmering altar of Xom.
 10084 | D:9      | Found a shimmering altar of Xom.
 10085 | D:9      | Found a shimmering altar of Xom.
 10085 | D:9      | Found a shimmering altar of Xom.
 10085 | D:9      | Found a shimmering altar of Xom.
 10665 | D:9      | Found a shimmering blue altar of Sif Muna.
 10665 | D:9      | Found a stormy altar of Qazlal.
 10666 | D:9      | Found a sacrificial altar of Ru.
 11021 | D:10     | Entered Level 10 of the Dungeon
 11270 | D:10     | Noticed a two-headed ogre
 11275 | D:10     | Killed a two-headed ogre
 11344 | D:10     | Received a gift from Trog
 11357 | D:10     | Got a brightly glowing demon blade {god gift}
 11359 | D:10     | Identified the +10 demon blade "Rouhor" {flame, Dex+7}
                  | (Trog gifted it to you on level 10 of the Dungeon)
 11564 | D:10     | Reached skill level 13 in Long Blades
 12060 | D:10     | Got a heavily runed scale mail
 12071 | D:10     | Identified the +5 scale mail of Grace {*Corrode rN+ Str+4}
                  | (You found it on level 10 of the Dungeon)
 12478 | D:11     | Found a staircase to the Lair.
 12478 | D:11     | Noticed an oklob plant
 12484 | D:11     | Killed an oklob plant
 12485 | D:11     | Reached XP level 12. HP: 95/95 MP: 12/12
 12498 | D:11     | Noticed a two-headed ogre
 12508 | D:11     | Killed a two-headed ogre
 12509 | D:11     | Reached skill level 14 in Long Blades
 12509 | D:11     | Reached skill level 5 in Dodging
 12550 | D:11     | Found Ujuplog's Weapon Shop.
 12818 | D:11     | Noticed a two-headed ogre
 12820 | D:11     | Killed a two-headed ogre
 12821 | D:11     | Reached skill level 10 in Shields
 13236 | D:12     | Reached skill level 5 in Stealth
 13249 | D:12     | Reached skill level 10 in Fighting
 13260 | D:12     | Found Hisuemo's General Store.
 13282 | D:12     | Bought a scroll of enchant armour for 97 gold pieces
 13282 | D:12     | Bought a wand of polymorph (10) for 156 gold pieces
 13407 | D:12     | Found a staircase to the Orcish Mines.
 13694 | D:12     | Received a gift from Trog
 14116 | D:13     | Noticed Jorgrun
 14128 | D:13     | Killed from afar by Jorgrun

Illustrated notes

Levels and vault maps discovered:
D:1:      scummos_arrival_star, layout_rooms, minmay_vboxes
D:2:      minmay_angry_zag, layout_basic, pdpol_wu_jian_five_deadly_venoms,
          marbit_many_paths, st_stairs_6
D:3:      layout_basic, gup_sewer_entry_bowl
D:4:      layout_loops_ring, minmay_temple_entry_slanted, serial_park_tiny_pond
D:5:      layout_rooms, okawaru_altar_gauntlet_db, serial_shops, shop_fountains,
          uniq_edmund
D:6:      layout_basic, nicolae_ossuary_entry_monument, grunt_decor_clamped,
          uniq_blork_the_orc, uniq_grinder
D:7:      layout_loops_corners, slow_altar_2, nemelex_xobeh_ov_fountains_minmay,
          uniq_menkaure
D:8:      layout_layer_cave, onia_ninara_dug_in_and_dangerous, uniq_gastronok
D:9:      layout_irregular_city, xom_shifter_show,
          gammafunk_temple_overflow_claw, minmay_fractal_squares_gapless_5
D:10:     layout_cross, serial_gnoll_camp, gnoll_camp_mini_hut,
          gnoll_camp_mini_hut, gnoll_camp_medium_01, gnoll_camp_mini_house,
          gnoll_camp_huts_basic, gnoll_camp_mini_hut, hangedman_misty_isle
D:11:     layout_loops_ring, dpeg_oklobed_lair, serial_shops,
          nicolae_shop_crystal
D:12:     layout_irregular_city, erik_orc_1, enter_bailey_2, serial_shops, shop
D:13:     layout_stronghold, serial_rivers, chequers_serial_rivers_micro_a,
          chequers_serial_rivers_small_a, chequers_serial_rivers_micro_b,
          chequers_serial_rivers_small_3, chequers_serial_rivers_micro_c,
          chequers_serial_rivers_small_3, minmay_holes, uniq_jorgrun,
          uniq_azrael

Skill      XL: |  1  2  3  4  5  6  7  8  9 10 11 12 |
---------------+-------------------------------------+-----
Long Blades    | 4 5 6 7 9 10 12 13 14 | 14.9
Fighting       | 4 5 6 8 9 10 | 10.6
Shields        | 2 3 5 6 8 9 10 | 10.5
Armour         | 3 4 5 7 8 9 |  9.9
Stealth        | 1 2 3 4 5 |  5.4
Dodging        | 3 4 5 |  5.6

Action                   |  1- 3 |  4- 6 |  7- 9 | 10-12 || total
-------------------------+-------+-------+-------+-------++-------
Melee: Falchion          |   167 |   251 |   143 |       ||   561
       Long sword        |       |       |   212 |   136 ||   348
       Scimitar          |       |       |       |   229 ||   229
       Demon blade       |       |       |       |   325 ||   325
Invok: Berserk           |     1 |     2 |     5 |    12 ||    20
 Abil: Hop               |       |       |       |     1 ||     1
  Use: Scroll            |       |     8 |     6 |     4 ||    18
       Potion            |       |     7 |     3 |     1 ||    11
 Stab: Sleeping          |     2 |     7 |    11 |    12 ||    32
       Distracted        |       |       |     2 |     1 ||     3
       Confused          |       |       |       |     1 ||     1
Armor: Animal skin       |    16 |       |       |       ||    16
       Shadow dragon sca |    51 |   179 |   194 |   222 ||   646
       Scale mail        |       |       |       |    47 ||    47
Dodge: Dodged            |   101 |    62 |    92 |   242 ||   497
Block: Kite shield       |    30 |   114 |   170 |   396 ||   710
       Rpst.: Falchion   |    29 |    25 |    12 |       ||    66
       Long sword        |       |       |    19 |    12 ||    31
       Scimitar          |       |       |       |    29 ||    29
       Demon blade       |       |       |       |    30 ||    30
